 Dungeon Crawl Stone Soup version 0.23.0 (webtiles) character file.

Game seed: 1555227967423057145

2559 Folque the Geomancer (level 9, -1/103 HPs)
             Began as a White Draconian Earth Elementalist on Feb 13, 2019.
             Was a Follower of Sif Muna.
             Slain by Duvessa
             ... wielding a +0 short sword
              (4 damage)
             ... on level 7 of the Dungeon.
             The game lasted 00:30:26 (7601 turns).

Folque the Geomancer (DrEE)                         Turns: 7601, Time: 00:30:28

Health: -1/103     AC:  8    Str: 17    XL:     9   Next: 31%
Magic:  2/18       EV: 13    Int: 18    God:    Sif Muna [*.....]
Gold:   429        SH:  0    Dex: 11    Spells: 5/20 levels left

rFire    + . .     SeeInvis .   h - +1 short sword
rCold    + . .     Gourm    .   (no shield)
rNeg     . . .     Faith    .   (armour unavailable)
rPois    .         Spirit   .   (helmet restricted)
rElec    .         Reflect  .   (no cloak)
rCorr    .         Harm     .   (no gloves)
MR       .....                  m - +0 pair of boots
Stlth    ..........             (no amulet)
HPRegen  0.27/turn              j - ring of protection from fire
MPRegen  0.16/turn              (no ring)

@: berserking, very quick
A: breathe frost, unfitting armour, cold resistance 1, cold-blooded, AC +7
a: Breathe Frost, Divine Energy, Renounce Religion


You were on level 7 of the Dungeon.
You worshipped Sif Muna.
Sif Muna was aware of your devotion.
You were not hungry.

You visited 2 branches of the dungeon, and saw 8 of its levels.

You collected 429 gold pieces.

Inventory:

Hand Weapons
 a - a +0 hand axe
 h - a +1 short sword (weapon)
Missiles
 b - 6 stones (quivered)
Armour
 m - a +0 pair of boots (worn)
Jewellery
 g - an uncursed ring of flight
 j - a ring of protection from fire (left hand)
 k - an uncursed ring of magical power {unknown}
 u - an uncursed ring of protection from magic {unknown}
Wands
 s - a wand of polymorph (6)
Scrolls
 e - a scroll of fear {unknown}
 f - 7 scrolls of identify
 i - 4 scrolls of teleportation
 n - 2 scrolls of fog {unknown}
 q - a scroll of magic mapping {unknown}
 t - a scroll of immolation {unknown}
 y - a scroll of remove curse
Potions
 d - a potion of heal wounds {unknown}
 l - a potion of berserk rage
 o - a potion of ambrosia {unknown}
 p - a potion of curing {unknown}
 r - a potion of degeneration {unknown}
 w - a potion of might {unknown}
 x - a potion of resistance
Comestibles
 c - 7 rations
 v - 2 chunks of flesh


   Skills:
 + Level 3.1 Fighting
 - Level 3.0 Short Blades
 + Level 4.1 Dodging
 - Level 3.0 Stealth
 + Level 6.1 Spellcasting
 - Level 1.0 Conjurations
 - Level 3.1 Transmutations
 * Level 8.5 Earth Magic
 + Level 0.0 Evocations


You had 5 spell levels left.
You knew the following spells:

 Your Spells              Type           Power        Failure   Level  Hunger
a - Sandblast             Erth           #####.       1%          1    None
b - Passwall              Tmut/Erth      ####....     1%          2    None
c - Stone Arrow           Conj/Erth      ###...       4%          3    ##.....
d - Lee's Rapid Deconstr  Erth           #####.....   10%         5    #####..
e - Petrify               Tmut/Erth      ####....     11%         4    ####...

Your spell library contained the following spells:

 Spells                   Type           Power        Failure   Level  Hunger
 Magic Dart               Conj           #...         8%          1    None
 Blink                    Tloc           N/A          19%         2    None
 Call Imp                 Summ           #.......     19%         2    None
 Slow                     Hex            #.......     19%         2    None
 Conjure Flame            Conj/Fire      #.......     28%         3    ##.....
 Mephitic Cloud           Conj/Pois/Air  #.......     30%         3    ##.....


Dungeon Overview and Level Annotations

Branches:
Dungeon (7/15)             Temple (1/1) D:6

Altars:
Ashenzari
Cheibriados
Dithmenos
Elyvilon
Fedhas
Hepliaklqana
Kikubaaqudgha
Makhleb
Nemelex Xobeh
Okawaru
Qazlal
Ru
Sif Muna
Trog
Uskayaw
Vehumet
Wu Jian
Xom
Yredelemnul
Zin
The Shining One

Shops:
D:7 [

Annotations:
D:2 1 runed translucent door, Crazy Yiuf
D:7 Duvessa


Innate Abilities, Weirdness & Mutations

You can breathe waves of freezing cold.
You can buffet flying creatures when you breathe cold.
Your icy white scales are hard. (AC +7)
You cannot fit into any form of body armour.
Your flesh is cold resistant. (rC+)
You are cold-blooded and may be slowed by cold attacks.


Message History

You see here a chain mail.
Duvessa hits you but does no damage.
Found an escape hatch in the ceiling.
Duvessa hits you with a +0 short sword!
* * * LOW HITPOINT WARNING * * *
Duvessa completely misses you.
Duvessa rages.
Duvessa hits you with a +0 short sword.
* * * LOW HITPOINT WARNING * * *
Duvessa hits you with a +0 short sword!
* * * LOW HITPOINT WARNING * * *
Things that are here:
a +0 shortbow; 13 arrows It was a potion of berserk rage.
A red film seems to cover your vision as you go berserk!
You feel yourself moving faster!
You feel mighty!
Duvessa is no longer berserk.
Duvessa hits you with a +0 short sword.
* * * LOW HITPOINT WARNING * * *
Duvessa hits you with a +0 short sword.
You die...

### #..< #... ######
##..####....##
...###.....#......#
..... #.........#
.... #...#....##
##..#####..#e..##
#.....##....@.#.##
###.........##..#
#.....[.........# .#
##...............#
...#..............###
###.................#
...................##
#.....#..........###
.......#)รท....#..#


You could see Duvessa.

Vanquished Creatures
  Pikel (D:6)
  Prince Ribbit (D:6)
  3 slaves (D:6)
  An ogre (D:6)
  4 orc warriors
  A centaur (D:7)
  A bullfrog (D:6)
  Blork the orc (D:6)
  A water moccasin skeleton (D:3)
  Dowan (D:7)
  4 jellies
  A wight (D:7)
  4 crimson imps
  3 hounds
  2 bullfrog skeletons
  3 iguanas
  6 orc wizards
  6 worker ants
  A hound zombie (D:6)
  2 hound skeletons
  Robin (D:2)
  A howler monkey zombie (D:5)
  8 adders
  An ooze (D:6)
  An adder zombie (D:6)
  5 worms
  A dart slug (D:2)
  4 leopard geckos
  32 orcs
  8 bats
  7 giant cockroaches
  13 goblins
  11 hobgoblins
  7 jackals
  3 kobolds
  A quokka (D:4)
  2 ball pythons
  4 frilled lizards
  A rat (D:1)
158 creatures vanquished.

Notes
Turn   | Place    | Note
-------+----------+-------------------------------------------
     0 | D:1      | Folque the Draconian Earth Elementalist began the quest for
                  | the Orb.
     0 | D:1      | Reached XP level 1. HP: 14/14 MP: 3/3
   391 | D:1      | Reached skill level 1 in Fighting
   644 | D:1      | Reached XP level 2. HP: 11/23 MP: 3/5
   968 | D:1      | Learned a level 2 spell: Passwall
  1029 | D:2      | Reached XP level 3. HP: 29/29 MP: 3/6
  1034 | D:2      | Learned a level 3 spell: Stone Arrow
  1053 | D:2      | Noticed Robin
  1162 | D:2      | Killed Robin
  1322 | D:2      | Reached XP level 4. HP: 36/36 MP: 8/8
  1472 | D:2      | Found a runed translucent door.
  1473 | D:2      | Noticed Crazy Yiuf
  1578 | D:3      | Reached skill level 1 in Conjurations
  1937 | D:3      | Reached XP level 5. HP: 34/41 MP: 3/10
  2036 | D:3      | Reached skill level 4 in Earth Magic
  2047 | D:3      | Learned a level 5 spell: Lee's Rapid Deconstruction
  2615 | D:4      | Reached XP level 6. HP: 48/48 MP: 5/12
  3271 | D:4      | Reached skill level 5 in Earth Magic
  3457 | D:5      | Entered Level 5 of the Dungeon
  3502 | D:5      | Found a snail-covered altar of Cheibriados.
  3542 | D:5      | Reached skill level 5 in Spellcasting
  3858 | D:5      | Your scales start taking on an icy white colour.
  3858 | D:5      | Reached XP level 7. HP: 54/55 MP: 7/14
  3858 | D:5      | Gained mutation: Your flesh is cold resistant. (rC+) [White
                  | Draconian growth]
  3864 | D:5      | Learned a level 4 spell: Petrify
  4477 | D:6      | Reached skill level 6 in Earth Magic
  4694 | D:6      | Reached skill level 1 in Short Blades
  4761 | D:6      | Noticed Blork the orc
  4777 | D:6      | Killed Blork the orc
  4856 | D:6      | Noticed Prince Ribbit
  5060 | D:6      | Killed Prince Ribbit
  5060 | D:6      | Reached XP level 8. HP: 61/61 MP: 3/15
  5372 | D:6      | Found a staircase to the Ecumenical Temple.
  5378 | Temple   | Entered the Ecumenical Temple
  5474 | Temple   | Became a worshipper of Sif Muna the Loreminder
  5540 | D:6      | Reached skill level 7 in Earth Magic
  5560 | D:6      | HP: 3/61 [orc wizard/+0 dagger (2)]
  5968 | D:6      | Noticed Pikel
  6567 | D:6      | Killed Pikel
  6567 | D:6      | Reached skill level 8 in Earth Magic
  6567 | D:6      | Reached XP level 9. HP: 58/67 MP: 0/17
  6764 | D:7      | Noticed Duvessa
  6764 | D:7      | Noticed Dowan
  6771 | D:7      | Found Ipnoos's Antique Armour Boutique.
  7195 | D:7      | Noticed a two-headed ogre
  7445 | D:7      | Killed Dowan
  7474 | D:7      | Reached * piety under Sif Muna
  7601 | D:7      | HP: 3/103 [Duvessa/+0 short sword (6)]
  7601 | D:7      | Slain by Duvessa

Skill      XL: |  1  2  3  4  5  6  7  8  9 |
---------------+----------------------------+-----
Fighting       | 1 2 3 |  3.1
Spellcasting   | 3 4 5 6 |  6.1
Conjurations   | 1 |  1.0
Earth Magic    | 4 5 6 8 |  8.5
Stealth        | 3 |  3.0
Transmutations | 3 |  3.1
Short Blades   | 2 3 |  3.0
Dodging        | 2 3 4 |  4.1

Action                   |  1- 3 |  4- 6 |  7- 9 || total
-------------------------+-------+-------+-------++-------
Melee: Hand axe          |    34 |       |       ||    34
       Tailslap          |     7 |    20 |    33 ||    60
       Short sword       |    51 |   205 |   212 ||   468
 Cast: Sandblast         |    12 |    21 |    26 ||    59
       Stone Arrow       |     3 |    27 |    52 ||    82
       Petrify           |       |       |    27 ||    27
       Lee's Rapid Decon |       |       |     8 ||     8
       Passwall          |       |       |     1 ||     1
 Abil: Breathe Frost     |       |       |     4 ||     4
  Use: Scroll            |     3 |     1 |       ||     4
       Potion            |       |       |     1 ||     1
 Stab: Sleeping          |     2 |     5 |     1 ||     8
       Petrified         |       |       |    66 ||    66
  Eat: Chunk             |     2 |    11 |    14 ||    27
       Ration            |       |       |     3 ||     3
Armor: Skin              |    18 |    75 |    78 ||   171
Dodge: Dodged            |    62 |   139 |   111 ||   312
